 Dungeon Crawl Stone Soup version 0.18.1-6-gd335043 (webtiles) character file.

78 Esekla the Sneak (level 4, -4/33 HPs)
             Began as an Octopode Enchanter on May 20, 2016.
             Was an Initiate of Ashenzari.
             Killed by nerve-wracking pain
             ... invoked by an orc priest
              (6 damage)
             ... on level 3 of the Dungeon.
             The game lasted 00:26:03 (1701 turns).

Esekla the Sneak (Octopode Enchanter)               Turns: 1701, Time: 00:26:04

Health: -4/33      AC:  1    Str:  7    XL:     4   Next: 36%
Magic:  7/7        EV: 12    Int: 18    God:    Ashenzari [......]
Gold:   100        SH:  0    Dex: 12    Spells: 3 memorised, 0 levels left

rFire  . . .     SeeInvis .     a - +1 dagger
rCold  . . .     Gourm    .     (no shield)
rNeg   . . .     Faith    +     (helmet restricted)
rPois  .         Spirit   .     s - amulet of faith (curse)
rElec  .         Dismiss  .     (no ring)
rCorr  .         Reflect  .     (no ring)
SustAt .         Harm     .     (no ring)
MR     .....                    (no ring)
Stlth  ++++......               (no ring)
                                (no ring)
                                (no ring)
                                (no ring)

@: very slightly contaminated, hasted, very quick, not resistant to hostile
enchantments, stealthy
A: almost no armour, amphibious, 8 rings, constrict 8, camouflage 1, gelatinous
body 1
a: Curse Item, Renounce Religion


You were on level 3 of the Dungeon.
You worshipped Ashenzari.
Ashenzari was noncommittal.
You were not hungry.

You visited 1 branch of the dungeon, and saw 3 of its levels.

You collected 100 gold pieces.

Inventory:

Hand Weapons
 a - a +1 dagger (weapon)
 i - a +0 hand axe
 q - a +0 hunting sling
 r - a +0 dagger of holy wrath
Missiles
 d - 83 stones
 p - 2 javelins (quivered)
Jewellery
 s - a cursed amulet of faith (around mantle)
Scrolls
 g - a scroll of identify
 h - 2 scrolls of remove curse
Potions
 k - a potion of brilliance
 l - 2 potions of flight
 n - a potion of resistance
 t - a potion of mutation
Books
 b - a book of Maledictions

   Spells                             Type                      Level
   a - Corona                         Hexes                        1
   b - Ensorcelled Hibernation        Hexes/Ice                    2
   c - Confuse                        Hexes                        3
   d - Tukima's Dance                 Hexes                        3
   e - Dazzling Spray                 Conjuration/Hexes            3
Comestibles
 c - 3 bread rations
 v - a meat ration


   Skills:
 * Level 3.8 Fighting
 - Level 1.0 Short Blades
 - Level 2.0 Dodging
 - Level 4.0 Stealth
 + Level 2.0 Spellcasting
 + Level 3.0 Hexes


You couldn't memorise any spells.
You knew the following spells:

 Your Spells              Type           Power        Failure   Level  Hunger
a - Corona                Hex            ##.....      6%          1    #......
b - Tukima's Dance        Hex            ##......     17%         3    ###....
c - Confuse               Hex            ##......     17%         3    ###....


Dungeon Overview and Level Annotations

Branches:
Dungeon (3/15)

Altars:
Ashenzari

Annotations:
D:3 PollenGolem's ghost, amateur OgTm


Innate Abilities, Weirdness & Mutations

You cannot wear most types of armour.
You are amphibious.
You can wear up to eight rings at the same time.
You can use your tentacles to constrict eight enemies at once.
Your skin changes colour to match your surroundings (Stealth).
Your rubbery body absorbs attacks (AC +1).


Message History

You constrict the orc, but do no damage.
The orc hits you with a dagger.
The orc wizard mumbles some strange words.
The orc wizard blinks!
You hit the orc. You squeeze the orc.
The orc is almost dead.
You constrict the orc.
You kill the orc!
Throwing (i - inventory. (,) - cycle):
p - 3 javelins (quivered)
Press: ? - help, Shift-Dir - straight line, f - kobold
Aim: a kobold You throw a javelin.
The javelin hits the kobold.
You kill the kobold!
The goblin shoots a stone.
The stone hits you.
* * * LOW HITPOINT WARNING * * *
The stone burns you.
* * * LOW HITPOINT WARNING * * *
The orc priest calls down the wrath of Beogh upon you.
Pain shoots through your body!
You die...

#.o..(..#
#.o.(...#
.....#g#####
.... #K# oo
#o# . #.# ...
#.#
.....#o######
#......g()@..#
##+#.##.####.#
# ...#<.#.#
#######.#.#
#.......#.#
#.........#
###########


You could see an orc priest and a goblin.

Vanquished Creatures
  2 adders (D:2)
  2 oozes
  A worm (D:2)
  2 dart slugs (D:1)
  2 giant geckos (D:2)
  2 orcs (D:3)
  4 giant cockroaches
  4 goblins
  4 hobgoblins
  5 kobolds
  2 quokkas (D:2)
  2 ball pythons
  4 bats
  2 giant newts (D:2)
  A rat (D:2)
39 creatures vanquished.

Notes
Turn   | Place    | Note
--------------------------------------------------------------
     0 | D:1      | Esekla the Octopode Enchanter began the quest for the Orb.
     0 | D:1      | Reached XP level 1. HP: 11/11 MP: 3/3
    43 | D:1      | Reached skill level 1 in Fighting
    52 | D:1      | Reached XP level 2. HP: 19/19 MP: 5/5
   564 | D:1      | Reached XP level 3. HP: 21/25 MP: 6/6
   572 | D:1      | Learned a level 3 spell: Tukima's Dance
   757 | D:2      | Found a shattered altar of Ashenzari.
   974 | D:2      | Reached XP level 4. HP: 31/31 MP: 7/7
   981 | D:2      | Learned a level 3 spell: Confuse
  1356 | D:2      | Became a worshipper of Ashenzari the Shackled
  1515 | D:3      | Noticed PollenGolem's ghost (amateur OgTm)
  1701 | D:3      | Killed from afar by an orc priest

Skill      XL: |  1  2  3 |
---------------+----------+-----
Fighting       | 1 2 3 |  3.8
Short Blades   | |  1.0
Dodging        | |  2.0
Stealth        | |  4.0
Spellcasting   | |  2.0
Hexes          | |  3.0

Action                   |  1- 3 |  4- 6 || total
-------------------------+-------+-------++-------
Melee: Dagger            |    51 |    20 ||    71
       Tentacles         |     7 |     3 ||    10
       Constrict         |    10 |     3 ||    13
Throw: Stone             |     1 |       ||     1
       Javelin           |     3 |     1 ||     4
Invok: Curse Item        |       |     1 ||     1
  Use: Scroll            |     3 |     4 ||     7
       Potion            |     1 |     1 ||     2
 Stab: Sleeping          |    16 |     7 ||    23
       Distracted        |       |     1 ||     1
  Eat: Bread ration      |       |     1 ||     1
Armor: Skin              |     2 |     2 ||     4
Dodge: Dodged            |    14 |     5 ||    19
